 Dungeon Crawl Stone Soup version 0.28-a0-43-g560ac104fe (webtiles) character file.

Game seed: 11011249947790931685

287 sanka the Chopper (level 6, -2/50 HPs)
             Began as a Palentonga Abyssal Knight on July 28, 2021.
             Was a Priest of Lugonu.
             Succumbed to a scorpion's poison
             ... on level 4 of the Dungeon.
             The game lasted 00:07:33 (4119 turns).

sanka the Chopper (Palentonga Abyssal Knight)       Turns: 4119, Time: 00:07:33

Health: -2/50      AC:  6    Str: 19    XL:     6   Next: 8%
Magic:  7/7        EV:  8    Int: 12    God:    Lugonu [***...]
Gold:   150        SH:  0    Dex: 10    Spells: 5/5 levels left

rFire   . . .      SeeInvis +   a - +0 war axe
rCold   . . .      Faith    .   (no shield)
rNeg    . . .      Spirit   .   c - +0 ring mail
rPois   .          Reflect  .   k - +0 helmet
rElec   .          Harm     .   (no cloak)
rCorr   .          Rampage  .   (no gloves)
Will    .....                   (no barding)
Stlth   ..........              (no amulet)
HPRegen 0.16/turn               (no ring)
MPRegen 0.10/turn               m - ring of wizardry

@: lethally poisoned (-2 -> -30)
A: large, rugged brown scales 3, see invisible, deformed body, roll 1, armoured
tail, stinger 1, strong 1, evolution 1, subdued magic 1
a: Rolling Charge, Renounce Religion, Depart the Abyss, Bend Space, Banish


You were on level 4 of the Dungeon.
You worshipped Lugonu.
Lugonu was most pleased with you.
You visited 1 branch of the dungeon, and saw 4 of its levels.
You visited the Abyss 1 time.

You collected 150 gold pieces.


Innate Abilities, Weirdness & Mutations

You are completely covered in rugged brown scales. (AC +3, +7% HP)
You have supernaturally acute eyesight. (SInv)
Armour fits poorly on your strangely shaped body.
You can roll at nearby foes to attack.
You have a long armoured tail.
Your tail ends in a poisonous barb.
Your muscles are strong. (Str +2)
You evolve.
Your spells are a little easier to cast, but a little less powerful.


   Skills:
 - Level 3.0 Fighting
 + Level 6.4 Axes
 - Level 1.5 Armour
 - Level 0.7 Dodging
 - Level 2.0 Invocations


You had 5 spell levels left.
You didn't know any spells.
Your spell library contained the following spells:

 Spells                   Type           Power      Damage    Failure   Level
 Passwall                 Tmut/Erth      0%         N/A       30%         2
 Sublimation of Blood     Necr           0%         N/A       30%         2
 Swiftness                Air            0%         N/A       50%         3
 Petrify                  Tmut/Erth      0%         N/A       88%         4
 Irradiate                Conj/Tmut      0%         3d13      99%         5
 Invisibility             Hex            0%         N/A       100%        6

Inventory:

Hand Weapons
 a - a +0 war axe (weapon)
 j - a +1 hand axe
 l - a +2 whip of venom
Armour
 c - a +0 ring mail (worn)
 k - a +0 helmet (worn)
 n - a +0 chain mail
Magical Staves
 o - a staff of fire
Jewellery
 m - a ring of wizardry (right hand)
Scrolls
 b - a scroll of magic mapping {unknown}
 e - a scroll of summoning
 f - a scroll of enchant armour
 g - a scroll of amnesia
 i - 2 scrolls of teleportation {@r4}
Potions
 h - a potion of flight {unknown}

Dungeon Overview and Level Annotations

Branches:
Dungeon (4/15)
 Temple: D:4-7

Altars:
Qazlal
Ru
Trog
Uskayaw

Shops:
D:1

[ .. ...▒ ▒▒▒▒.▒▒..▒▒ ▒▒▒▒▒
▒......... ..... ....▒▒..▒▒▒
[..▒ ▒........▒ ▒▒.▒
▒.▒.▒..▒.▒ ▒....▒s▒ ▒
▒..s.▒.. .▒▒
▒▒▒▒..H.▒▒▒▒▒▒▒....
.......>............
▒▒▒▒▒▒▒▒.▒▒...(.....
....................
▒▒▒▒.....▒▒.......▒▒
▒▒▒▒▒▒▒▒▒▒▒.▒▒▒▒.........▒
▒▒▒...........▒▒▒..........▒
.....................▒.▒▒▒▒▒
▒▒▒..........▒▒▒▒▒...▒(▒


You could see a scorpion.


Message History

Your tail-slap misses the scorpion.
The scorpion is almost dead.
You feel very sick. The scorpion barely misses you. The scorpion stings you!
* * * LOW HITPOINT WARNING * * *
You are lethally poisoned!
The scorpion poisons you!
You barely miss the scorpion.
The scorpion is almost dead.
* * * LOW HITPOINT WARNING * * *
You feel very sick. The scorpion stings you.
* * * LOW HITPOINT WARNING * * *
You hit the scorpion but do no damage.
The scorpion is almost dead.
* * * LOW HITPOINT WARNING * * *
You feel very sick. The scorpion stings you.
* * * LOW HITPOINT WARNING * * *
You are more poisoned.
The scorpion poisons you! The scorpion closely misses you.
It was a potion of mutation.
You feel extremely strange.
You feel stronger.
Your connection to magic feels subdued.
You feel nature experimenting on you.
Don't worry, failures die fast.
A poisonous barb forms on the end of your tail.
You die...

Action                   |  1- 3 |  4- 6 || total
-------------------------+-------+-------++-------
Melee: Hand axe          |   123 |       ||   123
       Tailslap          |     8 |    12 ||    20
       War axe           |       |   158 ||   158
Invok: Depart the Abyss  |     1 |       ||     1
 Abil: Rolling Charge    |     3 |     1 ||     4
  Use: Scroll            |       |     4 ||     4
       Potion            |       |     2 ||     2
Armor: Ring mail         |    54 |    90 ||   144
       Leather armour    |     6 |       ||     6
Dodge: Dodged            |    58 |    89 ||   147

Levels and vault maps discovered:
D:1:      onia_arrival_pentagram, layout_rooms,
          dreamdust_ecumenical_altar_statues, serial_shops, shop
D:2:      layout_basic, basic_altar, kennysheep_path_1
D:3:      layout_basic, old_standard_altar, amcnicky_altar_gilded,
          mainiacjoe_overflow_chevrons, uniq_robin
D:4:      layout_basic, cheibrodos_sewer_entry_sluice

Notes
Turn   | Place    | Note
-------+----------+-------------------------------------------
     0 | Abyss:1  | sanka the Palentonga Abyssal Knight began the quest for the
                  | Orb.
     0 | Abyss:1  | Reached XP level 1. HP: 19/19 MP: 2/2
    72 | Abyss:1  | Noticed a small abomination
    77 | Abyss:1  | Noticed an orange demon
    81 | Abyss:1  | Noticed a cacodemon
    83 | D:1      | Escaped the Abyss
   118 | D:1      | Found Anuimatz's Antique Armour Shoppe.
   239 | D:1      | Found a faded altar of an unknown god.
   274 | D:1      | Reached XP level 2. HP: 20/25 MP: 3/3
   338 | D:1      | Reached * piety under Lugonu
   380 | D:1      | Reached skill level 3 in Axes
   820 | D:1      | Reached XP level 3. HP: 29/31 MP: 4/4
  1416 | D:2      | Reached skill level 4 in Axes
  1561 | D:2      | Reached ** piety under Lugonu
  1712 | D:2      | Reached XP level 4. HP: 37/37 MP: 5/5
  1762 | D:2      | Found a sacrificial altar of Ru.
  2315 | D:3      | Noticed Robin
  2585 | D:2      | Killed Robin
  2645 | D:3      | Found a stormy altar of Qazlal.
  2676 | D:3      | Reached skill level 5 in Axes
  2868 | D:3      | Found a hide-covered altar of Uskayaw.
  3090 | D:3      | Reached XP level 5. HP: 31/43 MP: 6/6
  3255 | D:3      | Found a bloodstained altar of Trog.
  3503 | D:4      | Reached skill level 6 in Axes
  3728 | D:4      | Noticed a phantom
  3876 | D:4      | Reached *** piety under Lugonu
  3877 | D:4      | Reached XP level 6. HP: 7/50 MP: 7/7
  4118 | D:4      | HP: 4/50 [scorpion (3)]
  4119 | D:4      | Gained mutation: Your muscles are strong. (Str +2) [potion
                  | of mutation]
  4119 | D:4      | Gained mutation: Your spells are a little easier to cast,
                  | but a little less powerful. [potion of mutation]
  4119 | D:4      | Gained mutation: You evolve. [potion of mutation]
  4119 | D:4      | Gained mutation: Your tail ends in a poisonous barb.
                  | [potion of mutation]
  4119 | D:4      | Succumbed to a scorpion's poison

Vanquished Creatures
  A centaur zombie (D:3)
  An orc priest (D:4)
  A bullfrog skeleton (D:4)
  An iguana (D:4)
  Robin (D:2)
  A howler monkey skeleton (D:4)
  4 adders
  A worm (D:2)
  5 dart slugs
  8 orcs
  4 endoplasms
  3 giant cockroaches
  21 goblins
  10 hobgoblins
  8 jackals
  2 kobolds (D:1)
  3 quokkas
  A ball python (D:1)
  6 bats
  A frilled lizard (D:1)
  4 rats
87 creatures vanquished.
